 Dungeon Crawl Stone Soup version 0.22-a0-305-gd21a89c (webtiles) character file.

33653 Moebius the Eclecticist (level 13, -30/63 HPs)
             Began as a Deep Elf Fire Elementalist on Mar 29, 2018.
             Was a Priest of Vehumet.
             Annihilated by a dire elephant (36 damage)
             ... on level 6 of the Lair of Beasts.
             The game lasted 02:00:18 (18053 turns).

Moebius the Eclecticist (DEFE)                     Turns: 18053, Time: 02:00:18

Health: -30/63     AC:  9    Str:  5    XL:     13   Next: 37%
Magic:  36/43      EV: 12    Int: 29    God:    Vehumet [***...]
Gold:   825        SH:  0    Dex: 15    Spells: 3/43 levels left

rFire    . . .     SeeInvis .   r - staff of wizardry
rCold    . . .     Gourm    .   (no shield)
rNeg     . . .     Faith    .   D - +0 troll leather armour
rPois    .         Spirit   .   v - +0 helmet
rElec    .         Reflect  .   (no cloak)
rCorr    .         Harm     .   C - +2 pair of gloves
MR       +....                  u - +0 pair of boots
Stlth    ++........             x - amulet of magic regeneration
HPRegen  0.60/turn              q - +3 ring of intelligence
MPRegen  0.53/turn              o - ring of magical power

@: no status effects
A: no striking features
a: Renounce Religion


You were on level 6 of the Lair of Beasts.
You worshipped Vehumet.
Vehumet was most pleased with you.
You were not hungry.

You visited 3 branches of the dungeon, and saw 17 of its levels.

You collected 825 gold pieces.

Inventory:

Hand Weapons
 l - a +0 shortbow
 y - a +2 dagger of electrocution
Missiles
 d - 38 poisoned needles
 e - 107 arrows
 t - 15 tomahawks (quivered)
Armour
 a - a +1 robe
 p - the cursed +1 leather armour of Ru {+Fly rCorr Int-2 Stlth+}
   (You found it on level 1 of the Lair of Beasts)

   It affects your intelligence (-2).
   It lets you fly.
   It protects you from acid and corrosion.
   It makes you more stealthy.
   It has a curse placed upon it.
 u - a +0 pair of boots (worn)
 v - a +0 helmet (worn)
 C - a +2 pair of gloves (worn)
 D - a +0 troll leather armour (worn)
Magical Staves
 r - an uncursed staff of wizardry (weapon)
 Q - an uncursed staff of death
Jewellery
 h - an uncursed ring of protection from fire
 i - an uncursed ring of protection from cold
 m - the amulet "Hijinn" {+Rage rPois MR++ Str-4 Dex+3}
   (You found it on level 4 of the Lair of Beasts)

   [amulet of rage]

   It affects your strength (-4).
   It affects your dexterity (+3).
   It protects you from poison.
   It affects your resistance to hostile enchantments.
   It lets you go berserk.
 o - a ring of magical power (right hand)
 q - a +3 ring of intelligence (left hand)
 x - an amulet of magic regeneration (around neck)
 F - an uncursed ring of ice
 K - an uncursed amulet of regeneration
Wands
 g - a wand of random effects (50)
 s - a wand of paralysis (10)
 E - a wand of flame (31)
 H - a wand of disintegration (11)
 J - a wand of iceblast (8)
 O - a wand of polymorph (16)
Scrolls
 b - 3 scrolls of teleportation
 f - 3 scrolls of enchant weapon
 k - a scroll of identify
 z - 6 scrolls of remove curse
 B - 4 scrolls of fog
 N - a scroll of magic mapping
 P - a scroll of blinking
Potions
 j - 3 potions of brilliance
 n - a potion of curing
 w - a potion of resistance
 A - 2 potions of invisibility
 I - a potion of heal wounds
 M - a potion of berserk rage
Miscellaneous
 G - a phial of floods
Comestibles
 c - 31 rations


   Skills:
 - Level 0.5 Short Blades
 + Level 3.3 Staves
   Level 3.2 Slings
 + Level 4.3 Bows
 - Level 2.4 Dodging
 - Level 2.4 Stealth
 + Level 15.6 Spellcasting
 + Level 12.6 Conjurations
 + Level 5.9 Charms
 * Level 1.4 Summonings
 + Level 5.0 Necromancy
 + Level 0.4 Translocations
 + Level 11.7 Fire Magic
 + Level 4.9 Air Magic
 + Level 5.3 Poison Magic


You had 3 spell levels left.
You knew the following spells:

 Your Spells              Type           Power        Failure   Level  Hunger
a - Flame Tongue          Conj/Fire      #####        0%          1    None
b - Conjure Flame         Conj/Fire      #######.     1%          3    None
c - Sticky Flame          Conj/Fire      #######.     1%          4    None
d - Mephitic Cloud        Conj/Pois/Air  ######..     1%          3    None
e - Fireball              Conj/Fire      #######...   1%          5    None
f - Iskenderun's Battles  Conj/Chrm      ######..     1%          5    None
g - Gell's Gravitas       Tloc           ####......   3%          3    None
h - Regeneration          Chrm/Necr      ######....   1%          3    None
i - Animate Dead          Necr           N/A          1%          4    None
j - Blink                 Tloc           N/A          1%          2    None
k - Spellforged Servitor  Conj/Summ      ######....   17%         7    #####..


Dungeon Overview and Level Annotations

Branches:
Dungeon (10/15)            Temple (1/1) D:5            Lair (6/6) D:9
 Shoals (0/4) Lair:2        Snake (0/4) Lair:2        Slime (0/5) Lair:6
    Orc: D:9-12

Altars:
Ashenzari
Cheibriados
Dithmenos
Elyvilon
Fedhas
Gozag
Hepliaklqana
Kikubaaqudgha
Makhleb
Nemelex Xobeh
Okawaru
Qazlal
Ru
Sif Muna
Trog
Uskayaw
Vehumet
Wu Jian
Xom
Yredelemnul
Zin
The Shining One
Jiyva


Message History

Confirm with . or Enter, or press ? or * to list all spells.
Aiming: Sticky Flame (safe; 1% risk of failure)
Press: ? - help, Shift-Dir - straight line, f/p - dire elephant
Aim: a dire elephant (heavily wounded, covered in liquid flames)
The sticky flame hits the dire elephant.
The dire elephant is heavily wounded.
The dire elephant is covered in liquid flames!
The dire elephant burns!
Your battlesphere fires!
The barrage of energy hits the dire elephant.
The dire elephant is heavily wounded.
The dire elephant tramples you!!
* * * LOW HITPOINT WARNING * * *
You stumble backwards!
The dire elephant burns!
The dire elephant burns!
The dire elephant burns!
The dire elephant burns!
The dire elephant tramples you!!!
Ouch! That really hurt!
You die...

#...#.^...'8Y≈Y§'.}.=[#
#.#.####.8#.≈≈§≈'...?}#
######'#....####.≈≈≈≈#..$[##
#P...P.####....#≈≈≈≈.######
#......# ####.###≈.###...##
#..P...##♣♣###P.P#####8.*.8#####.
########♣....###.................
#####♣♣.......♣########'''#######
.....(....[.....@Y*.ZY........♣..
..........................?......
.................................
.................................
.................................
.................................
................................<
.P.............................(.
###........#..#......#....#......


You could see 2 dire elephants, a friendly battlesphere and a friendly dire
elephant zombie.

Vanquished Creatures
  A dire elephant (Lair:6)
  6 hydras
  3 two-headed ogres
  2 elephants (Lair:6)
  4 black mambas
  The ghost of Arum the Skirmisher, a novice DsGl of Makhleb (D:6)
  4 spiny frogs
  3 rime drakes
  4 komodo dragons
  A merfolk (Lair:4)
  2 polar bears
  3 trolls
  12 dream sheep
  A hornet (D:8)
  9 hippogriffs
  8 blink frogs
  A wyvern (Lair:6)
  3 basilisks
  18 yaks
  15 water moccasins
  15 porcupines
  4 ice beasts
  2 sky beasts
  An orc warrior (D:7)
  3 black bears (D:9)
  A phantom (D:5)
  16 wolves
  13 crocodiles
  A centaur (D:5)
  An ogre (D:7)
  2 big kobolds (D:8)
  The ghost of zkyp the Sneak, an amateur SpAs (D:3)
  11 bullfrogs
  3 scorpions
  7 wights (D:8)
  5 crimson imps
  2 howler monkeys
  2 bullfrog zombies
  A quasit (D:5)
  4 hounds
  A jelly (D:6)
  4 bullfrog skeletons
  3 orc priests
  10 orc wizards
  6 iguanas
  A hell rat (Lair:5)
  7 worker ants
  A hound zombie (D:8)
  2 hound skeletons
  A worker ant zombie (D:8)
  20 adders
  7 gnolls
  2 river rats (Lair:5)
  3 oozes
  2 adder zombies
  An adder skeleton (D:4)
  4 worms
  2 dart slugs
  7 leopard geckos
  39 orcs
  5 ball pythons
  3 bats
  6 giant cockroaches
  3 goblins
  7 hobgoblins
  9 jackals
  4 quokkas
  8 frilled lizards
  14 kobolds
  A leopard gecko skeleton (D:5)
  5 rats
  A bush (D:8)
  5 fungi
  2 plants (Lair:6)
392 creatures vanquished.

Vanquished Creatures (collateral kills)
  A dire elephant (Lair:6)
  An anaconda (Lair:6)
  2 elephants (Lair:6)
  2 merfolk sirens (Lair:2)
  A spiny frog (Lair:6)
  A komodo dragon (Lair:5)
  A merfolk (Lair:2)
  A hippogriff (Lair:6)
  A blink frog (Lair:6)
  2 water moccasins
  A porcupine (Lair:5)
  A hell rat (Lair:5)
  5 rats (Lair:5)
  3 fungi
23 creatures vanquished.

Vanquished Creatures (others)
  44 fungi
  17 plants
61 creatures vanquished.

Grand Total: 476 creatures vanquished

Notes
Turn   | Place    | Note
-------+----------+-------------------------------------------
     0 | D:1      | Moebius the Deep Elf Fire Elementalist began the quest for the Orb.
     0 | D:1      | Reached XP level 1. HP: 10/10 MP: 6/6
   539 | D:1      | Reached XP level 2. HP: 15/15 MP: 6/8
   741 | D:3      | Noticed zkyp's ghost (amateur SpAs)
   773 | D:2      | Reached XP level 3. HP: 4/19 MP: 0/10
   778 | D:2      | Learned a level 3 spell: Conjure Flame
  1386 | D:2      | Reached XP level 4. HP: 20/24 MP: 7/11
  1415 | D:2      | Reached skill level 4 in Spellcasting
  1550 | D:2      | Learned a level 4 spell: Sticky Flame
  2165 | D:3      | Killed zkyp's ghost
  2165 | D:3      | Reached XP level 5. HP: 28/28 MP: 2/13
  2592 | D:3      | Found a sacrificial altar of Ru.
  2607 | D:3      | Reached skill level 5 in Fire Magic
  2702 | D:3      | Reached XP level 6. HP: 28/32 MP: 2/15
  2903 | D:3      | Reached skill level 5 in Spellcasting
  3000 | D:3      | Reached skill level 1 in Slings
  3457 | D:5      | Entered Level 5 of the Dungeon
  3457 | D:5      | Noticed an ice beast
  4551 | D:4      | Reached XP level 7. HP: 36/36 MP: 12/17
  4816 | D:5      | Reached skill level 6 in Spellcasting
  4816 | D:5      | Reached skill level 5 in Conjurations
  4821 | D:5      | Learned a level 3 spell: Mephitic Cloud
  4827 | D:5      | Learned a level 5 spell: Fireball
  4993 | D:6      | Noticed Arum's ghost (novice DsGl)
  5148 | D:5      | Reached skill level 1 in Poison Magic
  5150 | D:5      | Reached skill level 1 in Air Magic
  5547 | D:5      | Reached XP level 8. HP: 41/41 MP: 12/19
  5805 | D:5      | Found a staircase to the Ecumenical Temple.
  5830 | Temple   | Entered the Ecumenical Temple
  6276 | D:5      | Found a hide-covered altar of Uskayaw.
  6276 | D:5      | Found a bloodstained altar of Trog.
  6725 | D:6      | Noticed a troll
  6743 | D:5      | Reached skill level 1 in Bows
  7314 | D:7      | Reached skill level 7 in Spellcasting
  7743 | D:7      | Found a basalt altar of Yredelemnul.
  7835 | D:7      | Found a white marble altar of Elyvilon.
  8235 | D:6      | Reached XP level 9. HP: 45/45 MP: 20/22
  8281 | D:6      | Killed Arum's ghost
  8389 | D:6      | Killed a troll
  8389 | D:6      | Reached skill level 8 in Spellcasting
  8858 | D:8      | Found an ancient bone altar of Kikubaaqudgha.
  8871 | D:8      | Found a blossoming altar of Fedhas.
  8878 | D:8      | Found a stormy altar of Qazlal.
  9001 | D:8      | Reached skill level 5 in Poison Magic
  9020 | D:8      | Reached skill level 9 in Spellcasting
  9095 | D:8      | Reached XP level 10. HP: 50/50 MP: 14/25
  9881 | D:9      | Identified the Compendium of Enchanting Calling
  9899 | D:9      | Learned a level 5 spell: Iskenderun's Battlesphere
  9909 | D:9      | Found a staircase to the Lair.
  9928 | D:9      | Reached skill level 1 in Staves
  9983 | D:9      | Noticed a two-headed ogre
  9998 | D:9      | Killed a two-headed ogre
  9998 | D:9      | Reached skill level 10 in Spellcasting
 10411 | D:10     | Entered Level 10 of the Dungeon
 10411 | D:10     | Noticed a two-headed ogre
 10423 | D:9      | Killed a two-headed ogre
 10635 | D:10     | Noticed a two-headed ogre
 10639 | D:10     | Killed a two-headed ogre
 10643 | D:10     | Noticed a two-headed ogre
 10664 | D:9      | Reached XP level 11. HP: 54/54 MP: 9/27
 10706 | D:9      | Found a radiant altar of Vehumet.
 10724 | D:9      | Became a worshipper of Vehumet
 10775 | D:9      | Found a deep blue altar of Sif Muna.
 10826 | D:9      | Learned a level 3 spell: Gell's Gravitas
 10830 | D:9      | Learned a level 3 spell: Regeneration
 11025 | D:9      | Reached skill level 11 in Spellcasting
 11134 | Lair:1   | Entered Level 1 of the Lair of Beasts
 11223 | Lair:1   | Got a brightly glowing leather armour
 11228 | Lair:1   | Identified the cursed +1 leather armour of Ru {+Fly rCorr Int-2 Stlth+} (You found it on level 1 of the Lair of Beasts)
 11418 | Lair:1   | Reached skill level 1 in Necromancy
 12308 | Lair:2   | Reached * piety under Vehumet
 12308 | Lair:2   | Offered knowledge of Freeze by Vehumet.
 12308 | Lair:2   | Reached skill level 1 in Charms
 12477 | Lair:2   | Reached skill level 12 in Spellcasting
 12492 | Lair:2   | Reached skill level 10 in Conjurations
 12526 | Lair:2   | Reached skill level 10 in Fire Magic
 12617 | Lair:2   | Learned a level 4 spell: Animate Dead
 13001 | Lair:2   | Found a staircase to the Snake Pit.
 13041 | Lair:2   | Found a staircase to the Shoals.
 13590 | Lair:3   | Noticed a four-headed hydra
 13592 | Lair:3   | Offered knowledge of Searing Ray by Vehumet.
 13592 | Lair:3   | Reached XP level 12. HP: 59/59 MP: 15/30
 13603 | Lair:3   | Killed a four-headed hydra
 13603 | Lair:3   | Reached skill level 13 in Spellcasting
 13745 | Lair:3   | Reached ** piety under Vehumet
 14730 | Lair:4   | Noticed a four-headed hydra
 14735 | Lair:4   | Killed a four-headed hydra
 14763 | Lair:4   | Got a steaming ivory amulet
 14764 | Lair:4   | Identified the amulet "Hijinn" {+Rage rPois MR++ Str-4 Dex+3} (You found it on level 4 of the Lair of Beasts)
 14891 | Lair:4   | Noticed an eight-headed hydra
 14894 | Lair:4   | Killed an eight-headed hydra
 14959 | Lair:4   | Reached skill level 14 in Spellcasting
 15166 | Lair:4   | Offered knowledge of Static Discharge by Vehumet.
 15458 | Lair:5   | Reached skill level 5 in Charms
 15468 | Lair:5   | Reached *** piety under Vehumet
 15508 | Lair:6   | Entered Level 6 of the Lair of Beasts
 15771 | Lair:5   | Noticed a seven-headed hydra
 15774 | Lair:5   | Killed a seven-headed hydra
 16152 | Lair:5   | Offered knowledge of Dazzling Spray by Vehumet.
 16485 | Lair:6   | Reached XP level 13. HP: 63/63 MP: 33/33
 16541 | Lair:6   | Reached skill level 15 in Spellcasting
 16842 | Lair:6   | Found a viscous altar of Jiyva.
 16843 | Lair:6   | Found a staircase to the Slime Pits.
 17803 | Lair:6   | Learned a level 2 spell: Blink
 17811 | Lair:6   | Learned a level 7 spell: Spellforged Servitor
 17920 | Lair:6   | Noticed a dire elephant
 17920 | Lair:6   | Noticed a dire elephant
 17928 | Lair:6   | Noticed a dire elephant
 17988 | Lair:6   | Noticed a dire elephant
 17997 | Lair:6   | Killed a dire elephant
 17997 | Lair:6   | Reached skill level 1 in Summonings
 18012 | Lair:6   | Noticed a dire elephant
 18017 | Lair:6   | Killed a dire elephant
 18017 | Lair:6   | Reached skill level 5 in Necromancy
 18040 | Lair:6   | Noticed a dire elephant
 18053 | Lair:6   | Annihilated by a dire elephant

Vault maps used:
D:1:      ncdulo_wetmaze
D:2:      minmay_tetromino_t2
D:3:      nicolae_ru_great_annihilating_truth, first_ration
D:5:      amethyst_overflow_temple_binary,
          minmay_temple_entry_statues_fountains, hangedman_decor_riveting
D:7:      kennysheep_ying_yang
D:8:      grunt_temple_overflow_forces_of_nature, kennysheep_mini,
          blue_anna_alchemist, uniq_psyche
D:9:      lemuel_round_altar, overflow_temple_1_default,
          due_lair_maze_entry_diamond
D:10:     uniq_harold
Temple:   minmay_temple_bridge_abc
Lair:1:   serial_bayou_shore_b
Lair:2:   elwin_shoals_entry_stream, minmay_snake_entry_six_corridors,
          grunt_megastairs_1, lemuel_fruit_fields
Lair:3:   grunt_megastairs_3
Lair:4:   lab_entry_generic, st_stairs_4, lemuel_fruit_tree
Lair:5:   kennysheep_abandoned_house, serial_bayou_shore_b
Lair:6:   due_jungle_book, dpeg_slime_entry_enclosed_altar

Skill      XL: |  1  2  3  4  5  6  7  8  9 10 11 12 13 |
---------------+----------------------------------------+-----
Conjurations   | 2 3 4 5 6 7 8 10 12 | 12.6
Fire Magic     | 4 5 6 7 9 10 11 | 11.7
Spellcasting   | 4 5 6 7 9 10 12 14 15 | 15.6
Slings         | 1 3 |  3.2
Poison Magic   | 1 3 5 |  5.3
Air Magic      | 1 3 4 |  4.9
Bows           | 2 4 |  4.3
Staves         | 3 |  3.3
Necromancy     | 3 4 5 |  5.0
Charms         | 3 5 |  5.9
Summonings     | 1 |  1.4
Short Blades   | |  0.5
Dodging        | |  2.4
Stealth        | |  2.4
Translocations | |  0.4

Action                   |  1- 3 |  4- 6 |  7- 9 | 10-12 | 13-15 || total
-------------------------+-------+-------+-------+-------+-------++-------
Melee: Short sword       |    10 |       |       |       |       ||    10
       Dagger            |       |       |    19 |     9 |       ||    28
       Staff             |       |       |       |    10 |   328 ||   338
 Fire: Fustibalus        |       |    56 |   113 |       |       ||   169
       Shortbow          |       |       |    65 |       |       ||    65
Throw: Stone             |     3 |       |       |       |       ||     3
       Tomahawk          |       |       |       |    15 |       ||    15
 Cast: Flame Tongue      |    45 |   136 |   137 |   256 |    31 ||   605
       Conjure Flame     |     1 |     8 |    12 |     3 |       ||    24
       Sticky Flame      |       |     4 |    26 |    29 |    10 ||    69
       Fireball          |       |       |    36 |    63 |    18 ||   117
       Mephitic Cloud    |       |       |     2 |     2 |       ||     4
       Iskenderun's Batt |       |       |       |    30 |     7 ||    37
       Animate Dead      |       |       |       |     9 |    10 ||    19
       Regeneration      |       |       |       |     7 |       ||     7
       Gell's Gravitas   |       |       |       |     1 |       ||     1
       Spellforged Servi |       |       |       |       |     2 ||     2
       Blink             |       |       |       |       |     1 ||     1
Evoke: Wand              |       |       |     4 |     8 |     1 ||    13
  Use: Potion            |     4 |     2 |       |     6 |     2 ||    14
       Scroll            |       |     6 |     8 |    14 |     3 ||    31
  Eat: Chunk             |     1 |    11 |    11 |    15 |     1 ||    39
       Ration            |       |       |     4 |     3 |     2 ||     9
Armor: Robe              |     3 |     4 |    40 |    15 |       ||    62
       Troll leather arm |       |       |       |    13 |     7 ||    20
Dodge: Dodged            |    25 |    29 |   105 |    65 |    17 ||   241

Table legend:
 A = Spawn XP
 B = Non-spawn XP
 C = Spawn XP percentage of total XP
 D = Spawn monster count
 E = Non-spawn monster count
 F = Spawn count percentage of total count
 G = Total turns spent on level
                    A         B        C        D         E        F      G
               +---------+---------+-------+---------+---------+-------+---------
         Total |       0 |   48076 |   0.0 |       0 |     404 |   0.0 | 18053
               +---------+---------+-------+---------+---------+-------+---------
           D:1 |       0 |      13 |   0.0 |       0 |       5 |   0.0 |   684
           D:2 |       0 |     163 |   0.0 |       0 |      34 |   0.0 |  1444
           D:3 |       0 |     293 |   0.0 |       0 |      35 |   0.0 |  1283
           D:4 |       0 |     340 |   0.0 |       0 |      23 |   0.0 |  1748
           D:5 |       0 |     929 |   0.0 |       0 |      22 |   0.0 |  1248
           D:6 |       0 |    1132 |   0.0 |       0 |      19 |   0.0 |   900
           D:7 |       0 |     721 |   0.0 |       0 |      21 |   0.0 |  1003
           D:8 |       0 |    2688 |   0.0 |       0 |      41 |   0.0 |  1146
           D:9 |       0 |    4235 |   0.0 |       0 |      35 |   0.0 |  1431
          D:10 |       0 |     899 |   0.0 |       0 |       1 |   0.0 |    13
        Lair:1 |       0 |    3792 |   0.0 |       0 |      18 |   0.0 |   923
        Lair:2 |       0 |    5444 |   0.0 |       0 |      38 |   0.0 |  1458
        Lair:3 |       0 |    4454 |   0.0 |       0 |      19 |   0.0 |  1166
        Lair:4 |       0 |    7430 |   0.0 |       0 |      32 |   0.0 |   749
        Lair:5 |       0 |    5202 |   0.0 |       0 |      33 |   0.0 |  1043
        Lair:6 |       0 |   10341 |   0.0 |       0 |      28 |   0.0 |  1580
               +---------+---------+-------+---------+---------+-------+---------
